Match 32102037
Unlisted

Match 32102037
End
Vickers Machine Gun Team
Selects Australian Defense Battlegroup
Selects Australian Light Infantry Section
Australian Light Infantry Section
Vickers Machine Gun Team
Construct Section Command Post
Construct Platoon Command Post
Selects CMP 15cwt Supply Run
CMP 15cwt Supply Run
CMP 15cwt Truck
Team Weapon Training
Microsoft Outlook
Microsoft Office Excel
Microsoft Office Word
Stick_Star
AlbionDeCrappa
gu1178723312
0
0

Comments sign in to comment!

No comments posted yet!